 Dungeon Crawl Stone Soup version 0.29.1-15-g9cfb28693d (webtiles) character file.

Game seed: 17427509379212993949

6148 javelincjr the Trooper (level 11, -2/72 HPs)
             Began as a Djinni Conjurer on Mar 13, 2023.
             Was a Believer of Hepliaklqana.
             Slain by a death yak (9 damage)
             ... on level 8 of the Dungeon.
             The game lasted 00:34:40 (10273 turns).

javelincjr the Trooper (Djinni Conjurer)           Turns: 10273, Time: 00:34:41

Health: -2/72      AC:  4    Str: 10    XL:     11   Next: 13%
Gold:   404        EV: 14    Int: 26    God:    Hepliaklqana [**....] SH:  5 Dex: 12

rFire   + + .      SeeInvis .   o - +0 war axe (vamp)
rCold   x . .      Faith    .   (no shield)
rNeg    . . .      Spirit   .   a - +0 robe
rPois   ∞          Reflect  +   B - +0 helmet
rElec   .          Harm     .   (no cloak)
rCorr   .          Rampage  .   j - +0 pair of gloves
Will    +....                   (boots unavailable)
Stlth   +++.......              d - amulet of reflection
HPRegen 0.22/turn               h - +6 ring of intelligence
MPRegen 0.00/turn               F - ring of wizardry

@: flying, very slightly contaminated
A: reduced essence, sickness immunity, fire resistance 2, cold vulnerability 1,
float, innate caster, HP casting, extra vitality 1
a: Renounce Religion, Recall Ancestor, Ancestor Identity


You were on level 8 of the Dungeon.
You worshipped Hepliaklqana.
Hepliaklqana was pleased with you.
You visited 2 branches of the dungeon, and saw 10 of its levels.

You collected 404 gold pieces.

Inventory:

Hand Weapons
 m - a +0 dagger of protection
 o - a +0 vampiric war axe (weapon)
 v - a +4 battleaxe
 G - a +2 mace of holy wrath
Armour
 a - a +0 robe (worn)
 j - a +0 pair of gloves (worn)
 B - a +0 helmet (worn)
Jewellery
 d - an amulet of reflection (around neck)
 h - a +6 ring of intelligence (left hand)
 F - a ring of wizardry (right hand)
Wands
 w - a wand of paralysis (10)
 A - a wand of mindburst (5)
 E - a wand of polymorph (13)
Scrolls
 g - 3 scrolls of blinking
 n - 2 scrolls of fog
 t - 3 scrolls of teleportation
 u - a scroll of magic mapping {unknown}
 x - a scroll of silence {unknown}
 y - 2 scrolls of enchant armour
 D - a scroll of brand weapon {unknown}
 H - a scroll of poison {unknown}
Potions
 b - 3 potions of curing {unknown}
 c - 6 potions of degeneration {unknown}
 e - 2 potions of cancellation {unknown}
 f - 2 potions of resistance {unknown}
 i - 2 potions of mutation {unknown}
 k - a potion of attraction {unknown}
 l - a potion of berserk rage {unknown}
 p - a potion of might {unknown}
 q - 2 potions of flight {unknown}
 r - 3 potions of ambrosia {unknown}
 s - a potion of brilliance {unknown}
 z - 3 potions of haste {unknown}
 C - a potion of invisibility {unknown}


   Skills:
 * Level 7.7 Fighting
 + Level 5.1 Armour
 + Level 6.9 Dodging
 + Level 5.8 Stealth
 * Level 7.2 Spellcasting
 + Level 5.1 Invocations


You couldn't memorise any spells.
You knew the following spells:

 Your Spells              Type           Power      Damage    Failure   Level
a - Magic Dart            Conj           100%       1d8       1%          1
b - Searing Ray           Conj           92%        2d7       1%          2
c - Dazzling Flash        Conj/Hex       92%        N/A       1%          3
d - Fulminant Prism       Conj/Hex       23%        3d13      1%          4
e - Iskenderun's Mystic   Conj/Tloc      46%        2d10      1%          4
f - Freeze                Ice            100%       1d11      1%          1
g - Poisonous Vapours     Pois/Air       92%        N/A       1%          2
h - Passwall              Tmut/Erth      38%        N/A       1%          2
i - Olgreb's Toxic Radia  Pois           46%        N/A       1%          4
j - Flame Wave            Conj/Fire      46%        2d12      1%          4
Your spell library was empty.

Dungeon Overview and Level Annotations

Branches:
Dungeon (9/15)             Temple (1/1) D:6            Lair (0/5) D:9
    Orc: D:9-12

Altars:
Ashenzari
Cheibriados
Dithmenos
Elyvilon
Fedhas
Hepliaklqana
Makhleb
Nemelex Xobeh
Qazlal
Ru
Trog
Uskayaw
Wu Jian
Yredelemnul
Zin
The Shining One

Shops:
D:5 *


Innate Abilities, Weirdness & Mutations

Your life essence is reduced to manifest your ancestor. (-10% HP)
You are immune to sickness and miasma.
You are immune to poison.
Your flesh is very heat resistant. (rF++)
You are vulnerable to cold. (rC-)
You float through the air rather than walking.
You learn spells naturally, not from books.
Your magical power is your life essence.
You have superior vitality. (+4 MHP)


Message History

Lufti hits the death yak but does no damage.
Lufti drains the death yak.
The death yak gores Lufti!
Lufti is destroyed!
The searing ray hits the death yak.
The death yak is severely wounded.
* * * LOW HITPOINT WARNING * * *
Casting: Searing Ray (safe; 1% risk of failure)
Confirm with . or Enter, or press ? or * to list all spells.
You can't see any susceptible monsters within range! (Use Z to cast anyway.)
Casting: Searing Ray (safe; 1% risk of failure)
Confirm with . or Enter, or press ? or * to list all spells.
Restarting spell: Searing Ray (safe; 1% risk of failure)
Press: ? - help, Shift-Dir - straight line, f/p - death yak
Aim: a death yak (severely wounded, lightly drained, 94% to hit)
The searing ray hits the death yak!
The death yak is severely wounded. (Press . to maintain the ray.)
* * * LOW HITPOINT WARNING * * *
The searing ray hits the death yak.
The death yak is almost dead.
* * * LOW HITPOINT WARNING * * *
Casting: Searing Ray (safe; 1% risk of failure)
Confirm with . or Enter, or press ? or * to list all spells.
You erupt in a blast of force!
The mystic blast hits the death yak!
The death yak is almost dead.
The death yak is knocked back by the mystic blast.
* * * LOW HITPOINT WARNING * * *
Casting: Iskenderun's Mystic Blast (dangerous; 1% risk of failure)
Confirm with . or Enter, or press ? or * to list all spells.
You erupt in a blast of force!
The mystic blast hits the death yak.
The death yak is almost dead.
* * * LOW HITPOINT WARNING * * *
Casting: Iskenderun's Mystic Blast (dangerous; 1% risk of failure)
Confirm with . or Enter, or press ? or * to list all spells.
You miscast Iskenderun's Mystic Blast.
You are very lightly contaminated with residual magic.
Nothing appears to happen.
* * * LOW HITPOINT WARNING * * *
The death yak gores you!
You die...

##.###.##.###.###.#
##.#....R#.#.## #.#
...#.....##.## #.#
##.#.._..#### ##.#
#.#.....# #..#
#.#.....# #.##
#.####### #.# #.#
#.# ##.#### #@#
......# #Y#
#####.#### #.#
##.>.....#######.#
##.##.##.........#
...##.############
......# #######


You could see a death yak (drained).

Vanquished Creatures
  An ugly thing (D:8)
  A wyvern (D:8)
  4 vampire mosquitoes (D:8)
  3 water moccasins
  A sky beast (D:4)
  2 ice beasts (D:5)
  3 orc warriors
  2 black bears
  2 ogres
  2 centaurs (D:7)
  A phantom (D:6)
  2 kobold brigands
  A necrophage (D:6)
  A bullfrog (D:7)
  2 scorpions (D:5)
  A wight (D:7)
  2 killer bees (D:8)
  4 orc priests
  A gnoll bouda (D:7)
  2 hounds
  2 jellies (D:5)
  Terence (D:3)
  5 iguanas
  4 orc wizards (D:8)
  11 gnolls
  A river rat (D:9)
  5 adders
  A white imp (D:8)
  2 ufetubi
  A worm (D:2)
  A dart slug (D:4)
  21 orcs
  5 ball pythons
  3 bats (D:2)
  10 endoplasms
  4 giant cockroaches
  7 goblins
  7 hobgoblins
  7 jackals
  10 quokkas
  4 frilled lizards
  6 kobolds
  9 rats
165 creatures vanquished.

Vanquished Creatures (collateral kills)
  A hydra (D:8)
  A death yak (D:9)
  A troll (D:9)
  Sigmund (D:4)
  A water moccasin (D:9)
  A black bear (D:6)
  A sky beast (D:7)
  A bullfrog (D:6)
  2 necrophages
  A killer bee (D:8)
  A jelly (D:6)
  A gnoll bouda (D:7)
  An orc priest (D:7)
  An iguana (D:6)
  An orc wizard (D:8)
  A gnoll (D:7)
  An ufetubus (D:6)
  2 orcs
  A jackal (D:4)
21 creatures vanquished.

Vanquished Creatures (others)
  An orc warrior (D:7)
  5 hexers
  2 ancestors
  17 fulminant prisms
25 creatures vanquished.

Grand Total: 211 creatures vanquished

Notes
Turn   | Place    | Note
-------+----------+-------------------------------------------
     0 | D:1      | javelincjr the Djinni Conjurer began the quest for the Orb.
     0 | D:1      | javelincjr set off with the following spells memorised:
                  | Magic Dart, Searing Ray, Dazzling Flash, Fulminant Prism,
                  | Iskenderun's Mystic Blast.
     0 | D:1      | Reached XP level 1. HP: 15/15 MP: 0/0
    97 | D:1      | Reached XP level 2. HP: 2/21 MP: 0/0
   552 | D:1      | Found a faded altar of an unknown god.
  1044 | D:1      | Reached XP level 3. HP: 24/25 MP: 0/0
  1044 | D:1      | Learned a level 1 spell: Freeze
  1800 | D:2      | Reached XP level 4. HP: 26/31 MP: 0/0
  2441 | D:3      | Found a hazy altar of Hepliaklqana.
  2446 | D:3      | Became a worshipper of Hepliaklqana the Forgotten
  2898 | D:3      | Found a glowing golden altar of the Shining One.
  3284 | D:3      | Noticed Terence
  3289 | D:3      | Killed Terence
  3290 | D:3      | Reached XP level 5. HP: 17/35 MP: 0/0
  3290 | D:3      | Learned a level 2 spell: Poisonous Vapours
  3789 | D:4      | Reached * piety under Hepliaklqana
  3838 | D:4      | Noticed a sky beast
  3849 | D:4      | Killed a sky beast
  3850 | D:4      | Reached skill level 1 in Fighting
  3850 | D:4      | Reached XP level 6. HP: 6/37 MP: 0/0
  4108 | D:4      | Reached skill level 1 in Armour
  4108 | D:4      | Reached skill level 1 in Invocations
  4121 | D:4      | Noticed a black bear
  4132 | D:4      | Killed a black bear
  4133 | D:4      | Reached XP level 7. HP: 30/44 MP: 0/0
  4133 | D:4      | Learned a level 2 spell: Passwall
  4629 | D:4      | Noticed Sigmund
  4637 | D:4      | Killed Sigmund
  4988 | D:5      | Entered Level 5 of the Dungeon
  4988 | D:5      | Found Ibriaxin's Elemental Accessories.
  5003 | D:5      | Reached XP level 8. HP: 47/50 MP: 0/0
  5364 | D:5      | Reached skill level 5 in Spellcasting
  5907 | D:6      | Reached skill level 5 in Dodging
  6044 | D:6      | Reached XP level 9. HP: 23/56 MP: 0/0
  6044 | D:6      | Learned a level 4 spell: Olgreb's Toxic Radiance
  6405 | D:6      | Reached ** piety under Hepliaklqana
  6406 | D:6      | Remembered your ancestor Lufti as a hexer
  6747 | D:6      | Found a staircase to the Ecumenical Temple.
  6757 | Temple   | Entered the Ecumenical Temple
  6885 | D:6      | Found a basalt altar of Yredelemnul.
  7079 | D:6      | Reached skill level 5 in Fighting
  8072 | D:8      | Reached XP level 10. HP: 58/64 MP: 0/0
  8540 | D:8      | Reached skill level 5 in Stealth
  9012 | D:8      | Noticed a six-headed hydra
  9025 | D:8      | Killed a six-headed hydra
  9412 | D:8      | Noticed a brown ugly thing
  9424 | D:8      | Killed a brown ugly thing
  9565 | D:8      | Found a burning altar of Makhleb.
  9945 | D:9      | Noticed a death yak
  9946 | D:9      | Found a staircase to the Lair.
  9946 | D:9      | Noticed a death yak
  9948 | D:9      | Noticed a death yak
  9952 | D:9      | Reached skill level 5 in Invocations
  9952 | D:9      | Reached XP level 11. HP: 55/71 MP: 0/0
  9952 | D:9      | Learned a level 4 spell: Flame Wave
  9954 | D:9      | Killed a death yak
  9955 | D:9      | Reached skill level 5 in Armour
 10273 | D:8      | Slain by a death yak

Illustrated notes

Levels and vault maps discovered:
D:1:      dpeg_arrival_connections, layout_basic,
          chequers_ecumenical_altar_simple
D:2:      layout_basic
D:3:      layout_loops_corners, nicolae_hepliaklqana_hippocampus,
          lemuel_crystal_altar, lemuel_round_altar,
          minmay_misc_feat_secret_circle, uniq_terence
D:4:      layout_loops_ring, palyth_stone_intersect, uniq_sigmund
D:5:      layout_rooms, nicolae_elemental_shop
D:6:      layout_basic, kennysheep_little_box, minmay_temple_entry_junction_2,
          minmay_misc_feat_columns, minmay_misc_feat_square, minivault_14
D:7:      layout_rooms, minmay_bent
D:8:      layout_loops_cross, bloody_makhleb, minmay_manual_moon
D:9:      layout_basic, mainiacjoe_overflow_alcove_2, dpeg_lair_monsters,
          orc_0_dummy, uniq_psyche
Temple:   jpeg_temple_clearing

Skill      XL: |  1  2  3  4  5  6  7  8  9 10 11 |
---------------+----------------------------------+-----
Stealth        | 2 3 4 5 |  5.8
Dodging        | 3 4 5 6 |  6.9
Fighting       | 1 2 3 4 5 7 |  7.7
Spellcasting   | 4 5 6 7 |  7.2
Armour         | 1 2 3 4 5 |  5.1
Invocations    | 1 2 3 5 |  5.1

Action                   |  1- 3 |  4- 6 |  7- 9 | 10-12 || total
-------------------------+-------+-------+-------+-------++-------
Melee: Unarmed           |     5 |     1 |       |       ||     6
       Punch             |     1 |       |     1 |       ||     2
       Dagger            |       |     2 |       |       ||     2
       War axe           |       |       |     3 |     5 ||     8
 Cast: Magic Dart        |    62 |    54 |   104 |    38 ||   258
       Searing Ray       |     2 |     7 |    20 |     7 ||    36
       Iskenderun's Myst |       |     3 |    25 |    36 ||    64
       Poisonous Vapours |       |     6 |       |       ||     6
       Fulminant Prism   |       |     1 |    12 |     4 ||    17
       Freeze            |       |     1 |       |       ||     1
       Olgreb's Toxic Ra |       |       |       |     1 ||     1
       Dazzling Flash    |       |       |       |     1 ||     1
       Flame Wave        |       |       |       |     1 ||     1
Invok: Ancestor Life: He |       |       |     1 |       ||     1
  Use: Scroll            |       |       |     4 |     2 ||     6
 Stab: Confused          |       |       |       |     2 ||     2
Armor: Robe              |     2 |     1 |     2 |     2 ||     7
Dodge: Dodged            |    17 |    10 |     7 |    20 ||    54
Block: Other             |       |       |       |     6 ||     6
